Unix NetHack Version 5.0.0-0 post-release - last build Jun 10 2026 00:39:30 (3ee93aec679c4c4259841fe613dc97188e26a321,branch:main).

Game began 2026-06-25 14:46:05, ended 2026-06-25 20:54:32.

Anarchos, lawful female dwarven Valkyrie

                                        --------
      ------                  ----- ####....`..|      -----
      |....-#                 |.{.| #   |......|      |....#
      |...{|#                 |..<+#####........#     |...|#
      ---.--#                 |...|     --------#     |...|#
         #  #                 --.--             #     -.---#
         #  #                   ###             #      #   #
         ######                   #          ####      #   #
           ## ##                  #          #         #   #
          ##   #             ##################       ##   #   ------
         ##    ###            ----.-------   ######   #    #   |.S>.|
         #-------|----       #...........|   #----.---|--  #   |SSS{|
         #...........|   #####|..........|   #-.........|  ####..@S.|
          |..........| ###    |..........|    |.........|      |..S.|
          |...........##      |..........|    |.........|      ------
          |..........|        |..........|    ----...----
          |..........|        ------------       |...|
          ------------                           |...|
                                                 -----

Anarchos the Skirmisher     St:18 Dx:15 Co:20 In:8 Wi:8 Ch:8  Lawful
Dlvl:5  $:56 HP:0(56) Pw:6(6) AC:-6 Xp:5 T:3101  Hungry  

Latest messages:
 The water moccasin's bite was poisoned!
 The water moccasin coughs!
 You miss the water moccasin.
 The water moccasin misses!
 The water moccasin misses!
 The water moccasin misses!
 The water moccasin bites!
 The water moccasin bites!
 The water moccasin bites!
 You kill it!
 You hear the rumble of distant thunder...
 The water moccasin coughs!
 You miss the water moccasin.
 The water moccasin bites!
 The water moccasin misses!
 The water moccasin bites!
 The water moccasin just misses!
 The water moccasin bites!
 The water moccasin coughs!
 You hit the water moccasin!
 The water moccasin misses!
 The water moccasin misses!
 The water moccasin bites!
 The water moccasin bites!
 The water moccasin misses!
 The water moccasin coughs!
 You hit the water moccasin!
 The water moccasin bites!
 The water moccasin just misses!
 The water moccasin misses!
 The water moccasin misses!
 The water moccasin misses!
 You see some gas clouds dissipate.
 The water moccasin bites!
 The water moccasin misses!
 The water moccasin bites!
 The water moccasin bites!
 The water moccasin just misses!
 The water moccasin bites!
 The water moccasin's bite was poisoned!
 The water moccasin misses!
 Are you sure you want to pray? [yn] (n) y
 You begin praying to Tyr.
 The water moccasin bites!
 The water moccasin bites!
 The water moccasin bites!
 The water moccasin bites!
 The water moccasin bites!
 You die...
 Do you want your possessions identified? [ynq] (y) q

Inventory:
 Coins    ('$')
  $ - 56 gold pieces
 Amulets  ('"')
  R - a cursed amulet of change
  A - a cursed amulet of strangulation
 Weapons  (')')
  r - a +0 sling
  b - a +0 dagger
  a - a +1 dwarvish spear (weapon in right hand)
  u - a +0 orcish dagger (at the ready)
 Armor    ('[')
  L - an uncursed +0 helm of brilliance (being worn)
  e - an uncursed +0 pair of elven boots (being worn)
  v - a cursed -1 pair of levitation boots
  c - an uncursed +3 small shield (being worn)
  p - an uncursed +0 cloak of magic resistance (being worn)
  n - a blessed rotproof +0 gray dragon scale mail (being worn)
 Comestibles  ('%')
  f - an uncursed fortune cookie
  F - an uncursed sprig of wolfsbane
  l - 2 uncursed eggs
 Scrolls  ('?')
  g - 2 uncursed scrolls of confuse monster
  M - an uncursed scroll of create monster
 Spellbooks  ('+')
  C - an uncursed spellbook of sleep
 Potions  ('!')
  i - an uncursed potion of full healing
  m - an uncursed potion of gain level
  G - an uncursed potion of hallucination
  t - an uncursed potion of see invisible
  d - a potion of holy water
  Y - an uncursed potion of water
 Rings    ('=')
  s - an uncursed ring of fire resistance (on left hand)
  k - an uncursed +1 ring of increase damage (on right hand)
 Tools    ('(')
  y - a blessed oil lamp
  j - an uncursed oil lamp
  X - 6 uncursed tallow candles
  x - an uncursed tin whistle
 Gems/Stones  ('*')
  D - an uncursed worthless piece of black glass
  Q - an uncursed worthless piece of green glass
  O - 2 uncursed worthless pieces of violet glass
  N - an uncursed worthless piece of white glass
  B - an uncursed worthless piece of yellowish brown glass
  W - an uncursed touchstone
  o - 8 uncursed rocks
  q - 6 uncursed rocks

Anarchos the Valkyrie's attributes:

Background:
 You were a Skirmisher, a level 5 dwarven Valkyrie.
 You were lawful, on a mission for Tyr
 who was opposed by Odin (neutral) and Loki (chaotic).
 You were right-handed.
 You were in the Dungeons of Doom, on level 5.
 You entered the dungeon 3101 turns ago.
 You had 315 experience points, 5 more were needed to attain level 6.

Basics:
 You had 0 out of 56 hit points.
 You had all 6 energy points (spell power).
 Your armor class was -6.
 Your wallet contained 56 zorkmids.
 Autopickup was on for all types.

Final Characteristics:
 Your strength was 18 (limit:18/100).
 Your dexterity was 15 (limit:20).
 Your constitution was 20 (limit:20).
 Your intelligence was 8 (limit:16).
 Your wisdom was 8 (limit:16).
 Your charisma was 8 (limit:16).

Final Status:
 You were hungry.
 You were unencumbered.
 You were wielding a spear.
 You had basic skill with spear and could have enhanced that.

Final Attributes:
 You were stridently aligned.
 You were magic-protected.
 You were fire resistant.
 Your items were protected from fire.
 You were cold resistant.
 You were telepathic.
 You had infravision.
 You were stealthy.
 You had a small damage bonus (+1).
 You were warded.
 You were unlucky.
 You are dead.

Miscellaneous:
 You didn't encounter any bones levels.
 Total elapsed playing time was 3 hours and 50 seconds.

Major events:
 Turn
    1: Anarchos the lawful dwarven Valkyrie entered the dungeon
 1125: attained the rank of Skirmisher (level 3)
 1321: entered the Gnomish Mines
 1914: reached Mine Town
 2334: made her first wish - "blessed fixed +4 gray dragon scale mail", got "a gray dragon scale mail"
 3101: killed by a water moccasin, while praying

You didn't know any spells.

Skills:
 Fighting Skills
   bare handed combat [Unskilled]
   two weapon combat  [Unskilled]
   riding             [Unskilled]
 Weapon Skills
   dagger             [Basic]
   axe                [Unskilled]
   pick-axe           [Unskilled]
   short sword        [Unskilled]
   broadsword         [Unskilled]
   long sword         [Unskilled]
   two-handed sword   [Unskilled]
   saber              [Unskilled]
   hammer             [Unskilled]
   quarterstaff       [Unskilled]
   polearms           [Unskilled]
   spear              [Basic]
   trident            [Unskilled]
   lance              [Unskilled]
   sling              [Unskilled]
 Spellcasting Skills
   attack spells      [Unskilled]
   escape spells      [Unskilled]

Voluntary challenges:
 Character rerolling was not enabled.
 You never genocided any monsters.
 You never polymorphed an object.
 You never changed form.
 You used 1 wish.
 You did not wish for any artifacts.
Achievements:
 You attained the rank of Skirmisher.
 You entered the Gnomish Mines.
 You entered Minetown.
 You entered a temple.
 You entered a shop.

 The Dungeons of Doom: levels 1 to 5
    Level 1:
    Level 2:
       Some fountains, a grave.
    Level 3:
    Level 4:
       Stairs down to The Gnomish Mines.
    Level 5: <- You were here.
       Some fountains, a sink.
       Final resting place for
          you, killed by a water moccasin, while praying.
 The Gnomish Mines: levels 5 to 7
    Level 5:
    Level 6:
    Level 7:
       Some shops, a temple and an altar, some fountains, a sink.


Vanquished creatures:
  a large mimic
  a jaguar
  a rock mole
  a yellow light
  a gray ooze
  2 straw golems
  a little dog
  a floating eye
  a kitten
  2 giant bats
  5 monkeys
 an orc zombie
  2 iguanas
  2 acid blobs
  a gas spore
  a giant rat
  2 cave spiders
  2 gnomes
  a gnome zombie
  4 geckos
  4 jackals
  a fox
  2 kobolds
  2 goblins
  a sewer rat
  4 grid bugs
  2 lichens
  a kobold zombie
  3 newts
53 creatures vanquished.

No species were genocided or became extinct.

Game over:
                       ----------
                      /          \
                     /    REST    \
                    /      IN      \
                   /     PEACE      \
                  /                  \
                  |     Anarchos     |
                  |      56 Au       |
                  |   killed by a    |
                  |  water moccasin  |
                  |                  |
                  |                  |
                  |       2026       |
                 *|     *  *  *      | *
        _________)/\\_//(\/(/\)/\//\/|_)_______

Farvel Anarchos the Valkyrie...

You died in The Dungeons of Doom on dungeon level 5 with 1651 points,
and 56 pieces of gold, after 3101 moves.
You were level 5 with a maximum of 56 hit points when you died.

